 Dungeon Crawl Stone Soup version 0.22-a0-369-gc73351f (webtiles) character file.

1416 Amnesiac the Ducker (level 8, -6/64 HPs)
             Began as a Mummy Wizard on Apr 24, 2018.
             Mangled by VDreamerV's ghost (12 damage)
             ... on level 5 of the Dungeon.
             The game lasted 00:07:01 (3044 turns).

Amnesiac the Ducker (Mummy Wizard)                  Turns: 3044, Time: 00:07:02

Health: -6/64      AC:  2    Str: 11    XL:     8   Next: 43%
Magic:  7/14       EV: 15    Int: 19    God:
Gold:   241        SH:  0    Dex: 10    Spells: 5/15 levels left

rFire    x . .     SeeInvis .   k - +0 fustibalus
rCold    + . .     Gourm    .   (no shield)
rNeg     + + +     Faith    .   a - +0 robe
rPois    ∞         Spirit   .   b - +0 hat
rElec    .         Reflect  .   (no cloak)
rCorr    .         Harm     .   (no gloves)
MR       +....                  (no boots)
Stlth    ++........             (no amulet)
HPRegen  0.20/turn              j - ring of wizardry
MPRegen  0.14/turn              (no ring)

@: no status effects
A: no food or potions, fire vulnerability, cold resistance 1, negative energy
resistance 3, torment resistance, unbreathing
a: no special abilities


You were on level 5 of the Dungeon.
You were not hungry.

You visited 1 branch of the dungeon, and saw 5 of its levels.

You collected 241 gold pieces.

Inventory:

Hand Weapons
 f - a +2 flail of protection
 k - a +0 fustibalus (weapon)
Missiles
 d - 25 stones (quivered)
 l - 15 sling bullets
Armour
 a - a +0 robe (worn)
 b - a +0 hat (worn)
Jewellery
 h - an uncursed amulet of harm {unknown}
 j - a ring of wizardry (left hand)
Wands
 i - a wand of disintegration (12)
Scrolls
 c - a scroll of amnesia {!r}
 e - a scroll of identify {!r}
 g - a scroll of teleportation {!r}


   Skills:
 + Level 5.8 Fighting
 * Level 7.3 Dodging
 - Level 1.5 Stealth
 - Level 4.0 Spellcasting
 - Level 0.7 Conjurations
 - Level 0.7 Summonings
 - Level 0.7 Translocations


You had 5 spell levels left.
You knew the following spells:

 Your Spells              Type           Power        Failure   Level  Hunger
b - Call Imp              Summ           #.......     6%          2    N/A
e - Mephitic Cloud        Conj/Pois/Air  #.......     16%         3    N/A
s - Conjure Flame         Conj/Fire      #.......     14%         3    N/A
v - Blink                 Tloc           N/A          6%          2    N/A

Dungeon Overview and Level Annotations

Branches:
Dungeon (5/15)
 Temple: D:4-7

Altars:
Okawaru
Trog

Shops:
D:4 }

Annotations:
D:5 Sigmund; VDreamerV's ghost, novice FoFi


Innate Abilities, Weirdness & Mutations

You do not eat or drink.
Your flesh is vulnerable to fire.
You are immune to poison.
Your flesh is cold resistant. (rC+)
You are immune to negative energy. (rN+++)
You are immune to unholy pain and torment.
You can survive without breathing.


Message History

* * * LOW HITPOINT WARNING * * *
The hound bites you.
* * * LOW HITPOINT WARNING * * *
Firing (i - inventory. (/) - cycle)
d - 28 stones (quivered)
Press: ? - help, Shift-Dir - straight line, f/p - orc
Aim: an orc, wielding a falchion and wearing a leather armour You shoot a stone.
The stone closely misses the hound.
The stone hits VDreamerV's ghost.
VDreamerV's ghost is almost destroyed.
The hound bites you.
* * * LOW HITPOINT WARNING * * *
The hound bites you but does no damage.
Firing (i - inventory. (/) - cycle)
d - 27 stones (quivered)
Press: ? - help, Shift-Dir - straight line, f/p - orc
Aim: an orc, wielding a falchion and wearing a leather armour You shoot a stone.
The stone closely misses the hound.
The stone hits VDreamerV's ghost.
VDreamerV's ghost is almost destroyed.
The hound bites you.
* * * LOW HITPOINT WARNING * * *
The hound bites you but does no damage.
Firing (i - inventory. (/) - cycle)
d - 26 stones (quivered)
Press: ? - help, Shift-Dir - straight line, f - hound
Aim: a hound (severely wounded)
You shoot a stone. The stone closely misses the hound.
The stone hits VDreamerV's ghost.
VDreamerV's ghost is almost destroyed.
The hound bites you.
* * * LOW HITPOINT WARNING * * *
The hound bites you.
* * * LOW HITPOINT WARNING * * *
The hound bites you.
* * * LOW HITPOINT WARNING * * *
The hound barely misses you.
The orc priest casts a cantrip, but nothing happens.
The hound barely misses you. The hound closely misses you. The hound bites you.
* * * LOW HITPOINT WARNING * * *
The hound barely misses you.
Casting: Conjure Flame (safe; 14% risk of failure)
Confirm with . or Enter, or press ? or * to list all spells.
Aiming: Mephitic Cloud (safe; 16% risk of failure)
Press: ? - help, Shift-Dir - straight line, f/p - hound
Aim: a hound (severely wounded)
The ball explodes into a vile cloud!
The stinking cloud engulfs the hound.
The hound is severely wounded.
The stinking cloud engulfs VDreamerV's ghost.
VDreamerV's ghost appears unharmed.
VDreamerV's ghost is almost destroyed.
The stinking cloud engulfs you!
You hear a shout!
The hound is engulfed in noxious fumes.
The hound appears confused.
Unknown command.
The hound is engulfed in noxious fumes. x2; The hound appears confused.
The hound bites VDreamerV's ghost but does no damage.
The hound is engulfed in noxious fumes.
The hound appears confused.
The hound bites VDreamerV's ghost but does no damage.
The hound is engulfed in noxious fumes.
The hound appears confused.
There is a stone staircase leading up here.
The hound is engulfed in noxious fumes.
The hound appears confused.
The hound bites VDreamerV's ghost but does no damage.
VDreamerV's ghost hits you!
You die...

#.# ###.###.#.....
#.# #.....#.##.#.#
#.# #.....#......#
####.###
#.....####o..#
#...†..# #.....#
#o### #.##.#.#
#.....# #....
#..#.#.# #######
#c### #>...#.# #.#
#..###@# ##########O#
#..§hW.# #c(o.oo(O..#
##§#######o##########
#.# #)..# #o#####.###
#....oc.# #########


You could see a hound (confused) and VDreamerV's ghost.

Vanquished Creatures
  Pikel (D:4)
  The ghost of VDreamerV the Shield-Bearer, a novice FoFi (D:4)
  Duvessa (D:4)
  2 slaves (D:4)
  An ogre (D:4)
  A centaur (D:5)
  Dowan (D:4)
  2 scorpions
  A bullfrog zombie (D:5)
  An orc priest (D:4)
  A hound (D:4)
  2 orc wizards
  Natasha (thrice) (D:4 D:3)
  A worker ant (D:4)
  A gnoll (D:4)
  An ooze (D:5)
  A dart slug (D:2)
  4 leopard geckos
  9 orcs
  2 ball pythons
  A giant cockroach (D:4)
  4 goblins
  5 hobgoblins
  2 kobolds
  3 bats
  A frilled lizard (D:4)
  A quokka skeleton (D:4)
54 creatures vanquished.

Vanquished Creatures (others)
  A hound (D:4)
1 creature vanquished.

Grand Total: 55 creatures vanquished

Notes
Turn   | Place    | Note
-------+----------+-------------------------------------------
     0 | D:1      | Amnesiac the Mummy Wizard began the quest for the Orb.
     0 | D:1      | Reached XP level 1. HP: 13/13 MP: 5/5
   109 | D:2      | Reached skill level 2 in Dodging
   208 | D:2      | Reached XP level 2. HP: 20/20 MP: 2/7
   212 | D:2      | Learned a level 2 spell: Call Imp
   350 | D:2      | Reached skill level 1 in Fighting
   819 | D:2      | Reached XP level 3. HP: 26/26 MP: 8/8
   824 | D:2      | Learned a level 3 spell: Mephitic Cloud
   828 | D:2      | Learned a level 3 spell: Conjure Flame
   831 | D:2      | Learned a level 2 spell: Blink
   931 | D:3      | Reached skill level 3 in Dodging
  1137 | D:4      | Noticed Natasha
  1153 | D:4      | Killed Natasha
  1153 | D:4      | Reached XP level 4. HP: 22/33 MP: 2/10
  1204 | D:4      | Noticed Natasha
  1216 | D:4      | Noticed VDreamerV's ghost (novice FoFi)
  1221 | D:4      | Killed Natasha
  1391 | D:4      | Noticed an ogre
  1391 | D:4      | Noticed Natasha
  1402 | D:3      | Killed Natasha
  1618 | D:4      | Killed VDreamerV's ghost
  1618 | D:4      | Reached skill level 5 in Dodging
  1618 | D:4      | Reached XP level 5. HP: 42/42 MP: 4/11
  1618 | D:4      | Reached XP level 6. HP: 48/48 MP: 4/12
  1667 | D:5      | Entered Level 5 of the Dungeon
  1727 | D:4      | Found an iron altar of Okawaru.
  1727 | D:4      | Found a bloodstained altar of Trog.
  1727 | D:4      | Noticed Duvessa
  1727 | D:4      | Noticed Dowan
  1771 | D:4      | Killed Duvessa
  1771 | D:4      | Reached XP level 7. HP: 43/54 MP: 8/13
  1803 | D:4      | Killed Dowan
  2034 | D:4      | Noticed Pikel
  2062 | D:4      | Killed Pikel
  2062 | D:4      | Reached skill level 5 in Fighting
  2062 | D:4      | Reached skill level 6 in Dodging
  2062 | D:4      | Reached XP level 8. HP: 29/62 MP: 7/14
  2200 | D:4      | Found Sadynuc's Gadget Shop.
  2307 | D:4      | Reached skill level 7 in Dodging
  2977 | D:5      | Noticed VDreamerV's ghost (novice FoFi)
  2981 | D:5      | Noticed Sigmund
  3044 | D:5      | Mangled by VDreamerV's ghost

Vault maps used:
D:1:      minmay_arrival_five_plusses
D:2:      serial_curves, eino_curves_02, eino_curves_02
D:3:      grunt_ministairs_4
D:4:      grunt_temple_overflow_bloody_war, serial_shops,
          nicolae_shop_window_shopping, first_ration, hangedman_decor_opposing,
          uniq_duvessa, uniq_pikel, uniq_natasha
D:5:      grunt_temple_overflow_opulence, minitemple, uniq_sigmund, uniq_edmund

Skill      XL: |  1  2  3  4  5  6  7  8 |
---------------+-------------------------+-----
Dodging        | 2 3 5 6 7 |  7.3
Fighting       | 1 2 3 4 5 |  5.8
Stealth        | |  1.5
Spellcasting   | |  4.0
Conjurations   | |  0.7
Summonings     | |  0.7
Translocations | |  0.7

Action                   |  1- 3 |  4- 6 |  7- 9 || total
-------------------------+-------+-------+-------++-------
Melee: Unarmed           |     5 |       |       ||     5
 Fire: Fustibalus        |    31 |    40 |   128 ||   199
 Cast: Magic Dart        |    47 |       |       ||    47
       Mephitic Cloud    |     3 |     7 |    12 ||    22
       Conjure Flame     |       |     2 |     4 ||     6
       Call Imp          |       |     1 |       ||     1
       Blink             |       |       |     2 ||     2
  Use: Scroll            |     6 |       |       ||     6
Armor: Robe              |     3 |     1 |     9 ||    13
Dodge: Dodged            |    16 |    14 |    90 ||   120

Table legend:
 A = Spawn XP
 B = Non-spawn XP
 C = Spawn XP percentage of total XP
 D = Spawn monster count
 E = Non-spawn monster count
 F = Spawn count percentage of total count
 G = Total turns spent on level
                    A         B        C        D         E        F      G
               +---------+---------+-------+---------+---------+-------+---------
         Total |       0 |    2023 |   0.0 |       0 |      52 |   0.0 |  3044
               +---------+---------+-------+---------+---------+-------+---------
           D:1 |       0 |       5 |   0.0 |       0 |       3 |   0.0 |   120
           D:2 |       0 |      24 |   0.0 |       0 |      10 |   0.0 |   461
           D:3 |       0 |      92 |   0.0 |       0 |      10 |   0.0 |   919
           D:4 |       0 |    1679 |   0.0 |       0 |      20 |   0.0 |  1049
           D:5 |       0 |     223 |   0.0 |       0 |       9 |   0.0 |   495
               +---------+---------+-------+---------+---------+-------+---------
